 Dungeon Crawl Stone Soup version 0.28-a0-381-g937acc2988 (webtiles) character file.

Game seed: 13923249256472810966

138340 lunkers the Brawler (level 16, 0/152 HPs)
             Began as a Minotaur Cinder Acolyte on Sept 1, 2021.
             Was a High Priest of Ignis.
             Slain by a tarantella (8 damage)
             ... on level 1 of the Spider Nest on Sept 2, 2021.
             The game lasted 00:51:07 (38876 turns).

lunkers the Brawler (Minotaur Cinder Acolyte)      Turns: 38876, Time: 00:51:08

Health: 0/152      AC: 31    Str: 24    XL:     16   Next: 71%
Magic:  16/16      EV:  0    Int: 10    God:    Ignis [*****.]
Gold:   536        SH:  0    Dex:  9    Spells: 16/17 levels left

rFire   + . .      SeeInvis .     - Unarmed
rCold   . . .      Faith    .   X - +18 shield of the Gong {rElec rN+ Will+ EV-5}
rNeg    + . .      Spirit   .   m - +3 plate armour {rPois}
rPois   +          Reflect  +   U - +1 hat
rElec   +          Harm     .   I - +2 cloak
rCorr   .          Rampage  +   n - +0 pair of gloves
Will    ++...                   Y - +0 pair of boots {rampage}
Stlth   ..........              k - amulet of reflection
HPRegen 0.35/turn               A - +4 ring of slaying
MPRegen 0.15/turn               B - +4 ring of protection

@: lethally poisoned (0 -> -40), about to teleport, held
A: horns 2, retaliatory headbutt
a: Renounce Religion, Sea of Fire, Foxfire Swarm, Rising Flame


You were on level 1 of the Spider Nest.
You worshipped Ignis.
Ignis was extremely pleased with you.
You visited 4 branches of the dungeon, and saw 25 of its levels.
You also visited: Gauntlet.

You collected 2258 gold pieces.
You spent 1722 gold pieces at shops.

Inventory:

Missiles
 p - 8 silver javelins
 J - 2 curare-tipped darts
 N - 3 throwing nets
Armour
 m - a +3 plate armour of poison resistance (worn)
 n - a +0 pair of gloves (worn)
 I - a +2 cloak (worn)
 P - a +2 scale mail of fire resistance
 U - a +1 hat (worn)
 X - the +18 shield of the Gong (worn) {rElec rN+ Will+ EV-5}
   (You bought it in a shop on level 2 of the Orcish Mines)

   It is deafeningly noisy when blocking attacks.
   EV:        It affects your evasion (-5).
   rElec:     It insulates you from electricity.
   rN:        It protects you from negative energy.
   Will:      It increases your willpower.
 Y - a +0 pair of boots of rampaging (worn)
Jewellery
 f - a ring of protection from cold
 g - a ring of ice
 k - an amulet of reflection (around neck)
 l - a +4 ring of evasion
 A - a +4 ring of slaying (left hand)
 B - a +4 ring of protection (right hand)
 E - a ring of see invisible
 F - a ring of fire
Wands
 t - a wand of mindburst (13)
 u - a wand of flame (67)
 z - a wand of digging (11)
 D - a wand of charming (15)
 H - a wand of polymorph (3)
 L - a wand of paralysis (18)
 W - a wand of iceblast (16)
Scrolls
 a - 4 scrolls of amnesia
 b - a scroll of silence
 e - 3 scrolls of fear
 i - 3 scrolls of immolation
 q - 5 scrolls of fog
 r - 6 scrolls of magic mapping
 x - 8 scrolls of teleportation
 y - 7 scrolls of enchant weapon
 M - 2 scrolls of blinking
 Z - a scroll of summoning
Potions
 c - 8 potions of curing
 d - a potion of ambrosia
 h - 3 potions of flight
 j - a potion of berserk rage
 o - 4 potions of haste
 s - 2 potions of might
 v - 3 potions of attraction
 w - a potion of mutation
 C - a potion of magic {unknown}
 G - 5 potions of lignification
 K - a potion of cancellation {unknown}
 O - 2 potions of resistance
 Q - 2 potions of invisibility {unknown}
 R - a potion of brilliance {unknown}
 V - a potion of experience {unknown}
Miscellaneous
 S - a phial of floods
 T - a box of beasts


   Skills:
 + Level 16.3 Fighting
 + Level 13.9 Armour
 - Level 8.3 Dodging
 * Level 13.4 Shields
 + Level 20.0 Unarmed Combat
 - Level 1.0 Spellcasting
 - Level 0.6 Fire Magic
 + Level 5.5 Evocations


You had 16 spell levels left.
You knew the following spells:

 Your Spells              Type           Power      Damage    Failure   Level
p - Foxfire               Conj/Fire      4%         2x1d4     97%         1

Your spell library contained the following spells:

 Spells                   Type           Power      Damage    Failure   Level
 Animate Skeleton         Necr           0%         N/A       98%         1
 Apportation              Tloc           0%         N/A       98%         1
 Corona                   Hex            0%         N/A       98%         1
 Summon Small Mammal      Summ           0%         N/A       98%         1
 Blink                    Tloc           N/A        N/A       99%         2
 Corpse Rot               Necr/Air       N/A        N/A       99%         2
 Poisonous Vapours        Pois/Air       0%         N/A       99%         2
 Slow                     Hex            0%         N/A       99%         2
 Call Canine Familiar     Summ           0%         N/A       100%        3
 Confusing Touch          Hex            0%         N/A       100%        3
 Gell's Gravitas          Tloc           0%         N/A       100%        3
 Lesser Beckoning         Tloc           0%         N/A       100%        3
 Stone Arrow              Conj/Erth      0%         3d7       100%        3
 Summon Guardian Golem    Hex/Summ       0%         N/A       100%        3
 Teleport Other           Tloc           0%         N/A       100%        3
 Vampiric Draining        Necr           0%         2d6       100%        3
 Animate Armour           Summ/Erth      0%         N/A       100%        4
 Animate Dead             Necr           0%         N/A       100%        4
 Fireball                 Conj/Fire      0%         3d3       100%        5
 Freezing Cloud           Conj/Ice/Air   0%         6-21      100%        5
 Manifold Assault         Tloc           0%         N/A       100%        5
 Starburst                Conj/Fire      0%         6d3       100%        6
 Haunt                    Necr/Summ      0%         N/A       100%        7
 Ignition                 Fire           0%         3d3       100%        8
 Infestation              Necr           0%         N/A       100%        8
 Lehudib's Crystal Spear  Conj/Erth      0%         10d2      100%        8


Dungeon Overview and Level Annotations

Branches:
Dungeon (15/15)            Temple (0/1) D:7            Lair (6/6) D:9
  Swamp (0/4) Lair:4       Spider (2/4) Lair:4        Slime (0/5) Lair:5
    Orc (2/2) D:10            Elf (0/3) Orc:2        Vaults (0/5) D:14
 Depths (0/5) D:15        Gauntlet (visited)

Altars:
Ashenzari
Cheibriados
Dithmenos
Elyvilon
Fedhas
Gozag
Hepliaklqana
Okawaru
Qazlal
Ru
Sif Muna
Trog
Uskayaw
Vehumet
Xom
The Shining One

Shops:
D:3 *   D:8 :   D:12 [   Orc:2 **=[:?(**(!

Portals:
Pandemonium: Orc:2
Trove: D:10 (give 4 potions of resistance)

Annotations:
D:4 exclusion: statue
D:15 exclusion: obsidian statue
Lair:1 exclusion: oklob plant
Lair:6 exclusion: obsidian statue


Innate Abilities, Weirdness & Mutations

You have a pair of horns on your head.
You reflexively headbutt those who attack you in melee.


Message History

You block the tarantella's attack.
BONNNG!
You block the redback's attack.
BONNNG!
The entropy weaver hits you but does no damage.
You block the entropy weaver's attack.
PTOANNNG!
The entropy weaver hits you!
* * * LOW HITPOINT WARNING * * *
The entropy weaver hits you but does no damage.
You block the tarantella's attack.
BOUMMMMG!
The moth of wrath bites you but does no damage.
The jumping spider pounces on you!!
* * * LOW HITPOINT WARNING * * *
You are caught in a web!
The jumping spider completely misses you.
The redback bites you but does no damage.
As you read the scroll of teleportation, it crumbles to dust.
You feel strangely unstable. The tarantella bites you!!
* * * LOW HITPOINT WARNING * * *
The jumping spider pounces on you.
* * * LOW HITPOINT WARNING * * *
The jumping spider bites you but does no damage.
The redback bites you.
* * * LOW HITPOINT WARNING * * *
The tarantella completely misses you. You furiously retaliate!
You headbutt the tarantella!
The entropy weaver hits you but does no damage.
The entropy weaver hits you.
* * * LOW HITPOINT WARNING * * *
The entropy weaver hits you but does no damage. x2
The moth of wrath bites you but does no damage.
The jumping spider pounces on you but does no damage.
The jumping spider bites you but does no damage.
The redback bites you!
* * * LOW HITPOINT WARNING * * *
You are lethally poisoned!
The redback poisons you! The tarantella bites you!
You die...

##...#..........#......
##..##^........#......
##..####..#...###....
#...# #.###....#....
##..##### ##...#....
##...#.## ##..#....
##.......# ####....
#...B...## #.#..
###s@y..# ####.
#.s.s..# #. ##....## ##
##.### ###


You could see an entropy weaver, a moth of wrath, a jumping spider (berserk), a
tarantella (berserk) and a redback (berserk).

Vanquished Creatures
  Kirke (Lair:6)
  Gastronok (Orc:1)
  An orc warlord (D:10)
  A ghost moth (Spider:1)
  An emperor scorpion (Spider:1)
  Aizul (Spider:1)
  3 entropy weavers
  4 dire elephants
  2 minotaurs
  Snorg (Lair:4)
  The ghost of lunkers the Grappler, a journeyman MiCA of Ignis (Lair:1)
  2 boulder beetles
  4 vault guards (D:14)
  An ogre mage (D:15)
  14 hydras
  4 centaur warriors
  4 catoblepae
  A death knight (D:14)
  6 death yaks
  8 two-headed ogres
  A spectral dire elephant (Lair:6)
  Sonja (Lair:2)
  6 orc high priests (Orc:2)
  A spectral death yak (Lair:6)
  A sixfirhy (Orc:2)
  4 skeletal warriors (D:12)
  A spectral anaconda (Lair:6)
  2 infernal demonspawn
  A torturous demonspawn (Orc:2)
  A lindwurm (Lair:5)
  A phantasmal warrior (D:14)
  6 orc knights
  8 wolf spiders
  4 necromancers (Lair:6)
  4 orb spiders (Spider:1)
  4 deep elf pyromancers
  7 orc sorcerers
  8 ugly things (D:14)
  2 manticores
  8 cyclopes
  A worldbinder (Gauntlet)
  19 elephants
  A rust devil (Gauntlet)
  A smoke demon (Orc:2)
  6 black mambas
  11 cane toads
  An orange demon (Orc:2)
  Maggie (Lair:1)
  2 torpor snails
  2 gargoyles (D:12)
  A dire elephant skeleton (Lair:6)
  An efreet (D:14)
  A kobold demonologist (D:12)
  A freezing wraith (D:15)
  6 komodo dragons
  2 demonic crawlers (Spider:1)
  An ice devil (Orc:2)
  A red devil (Orc:2)
  7 jumping spiders
  2 polar bears
  6 trolls
  2 hornets
  9 dream sheep
  11 slime creatures
  A meliai zombie (D:7)
  21 blink frogs
  A centaur simulacrum (D:14)
  14 redbacks
  Sigmund (D:4)
  9 tarantellas
  A spriggan (shapeshifter) (D:13)
  7 wyverns
  35 yaks
  12 humans
  2 shadows
  A vampire (D:13)
  3 wraiths
  4 ynoxinuls
  Eustachio (D:5)
  10 basilisks
  2 hogs
  A steam dragon (D:6)
  2 death yak simulacra (Lair:6)
  8 vampire mosquitoes
  3 large abominations (Gauntlet)
  3 wargs
  2 acid dragons
  21 water moccasins
  35 orc warriors
  7 black bears
  3 ice beasts
  3 sky beasts
  2 elephant zombies (Lair:6)
  2 necrophages
  2 boggarts (Gauntlet)
  11 centaurs
  An elephant skeleton (Lair:6)
  10 ogres
  A phantom (D:4)
  A kobold brigand (D:10)
  Blork the orc (D:4)
  5 scorpions
  11 bullfrogs
  A gnoll sergeant (D:11)
  3 cane toad simulacra (Lair:6)
  7 earth elementals (D:14)
  3 small abominations (Gauntlet)
  2 water moccasin skeletons
  An elephant simulacrum (Lair:6)
  6 killer bees (D:8)
  2 electric eels (Lair:5)
  2 howler monkeys
  2 centaur zombies
  19 orc priests
  A gnoll shaman (D:5)
  6 hounds
  A jelly (D:5)
  4 iron imps (Gauntlet)
  3 iguanas
  Ijyb (D:3)
  23 orc wizards
  Natasha (thrice) (D:1)
  2 hound skeletons
  10 gnolls
  14 adders
  A white imp (D:6)
  An ufetubus (D:4)
  A dart slug (D:2)
  75 orcs
  4 ball pythons
  7 endoplasms
  5 giant cockroaches
  8 goblins
  11 hobgoblins
  4 jackals (D:3)
  2 quokkas (D:3)
  5 bats
  2 frilled lizards
  11 kobolds
  3 rats
744 creatures vanquished.

Vanquished Creatures (collateral kills)
  7 foxfires
7 creatures vanquished.

Vanquished Creatures (others)
  A manticore (D:15)
  A human (Lair:6)
  An orc wizard (Orc:2)
  2 orcs
  A quokka (D:8)
  518 foxfires
  51 fungi
  39 plants
  28 withered plants (Lair:6)
642 creatures vanquished.

Grand Total: 1393 creatures vanquished

Notes
Turn   | Place    | Note
-------+----------+-------------------------------------------
     0 | D:1      | lunkers the Minotaur Cinder Acolyte began the quest for the
                  | Orb.
     0 | D:1      | Reached XP level 1. HP: 19/19 MP: 1/1
   306 | D:1      | Reached XP level 2. HP: 26/27 MP: 0/2
   379 | D:1      | Found a faded altar of an unknown god.
   453 | D:1      | Reached skill level 4 in Unarmed Combat
  1215 | D:2      | Noticed Natasha
  1222 | D:2      | Reached XP level 3. HP: 33/33 MP: 0/3
  1230 | D:1      | Killed Natasha
  1290 | D:1      | Noticed Natasha
  1484 | D:1      | Killed Natasha
  1485 | D:1      | Reached skill level 5 in Unarmed Combat
  1485 | D:1      | Reached XP level 4. HP: 40/41 MP: 1/4
  1496 | D:1      | Noticed Natasha
  1503 | D:1      | Killed Natasha
  1745 | D:1      | Reached XP level 5. HP: 41/47 MP: 5/5
  1918 | D:2      | Reached skill level 5 in Fighting
  2169 | D:2      | Found a stormy altar of Qazlal.
  2624 | D:3      | Reached skill level 6 in Unarmed Combat
  2927 | D:3      | Found a shadowy altar of Dithmenos.
  3018 | D:3      | Found a snail-covered altar of Cheibriados.
  3350 | D:3      | Reached XP level 6. HP: 56/56 MP: 2/6
  3410 | D:3      | Noticed Ijyb
  3421 | D:3      | Killed Ijyb
  3427 | D:3      | Found Fin Acorph's General Store.
  3985 | D:4      | Reached skill level 7 in Unarmed Combat
  4096 | D:4      | Reached XP level 7. HP: 43/63 MP: 2/7
  4508 | D:4      | Noticed Blork the orc
  4510 | D:4      | Identified the +8 rapier "Killer Klown's Bane" {antimagic,
                  | Int+4}
  4514 | D:4      | Noticed Sigmund
  4528 | D:4      | Killed Blork the orc
  4529 | D:4      | Reached skill level 8 in Unarmed Combat
  4531 | D:4      | Killed Sigmund
  4753 | D:4      | Found a radiant altar of Vehumet.
  5112 | D:4      | Noticed a hornet
  5119 | D:4      | Paralysed by a hornet for 1 turns
  5121 | D:4      | Killed a hornet
  5122 | D:4      | Reached skill level 9 in Unarmed Combat
  5122 | D:4      | Reached XP level 8. HP: 13/73 MP: 8/8
  5749 | D:5      | Entered Level 5 of the Dungeon
  6214 | D:5      | Reached skill level 10 in Unarmed Combat
  6606 | D:5      | Noticed a two-headed ogre
  6678 | D:5      | Killed a two-headed ogre
  6679 | D:5      | Reached skill level 11 in Unarmed Combat
  6679 | D:5      | Reached XP level 9. HP: 59/84 MP: 7/9
  6986 | D:6      | Found a bloodstained altar of Trog.
  6987 | D:6      | Found a shimmering altar of Xom.
  6989 | D:6      | Found a sacrificial altar of Ru.
  6989 | D:6      | Found a broken altar of Ashenzari.
  7009 | D:5      | Reached skill level 12 in Unarmed Combat
  7212 | D:6      | Found an opulent altar of Gozag.
  7234 | D:6      | Noticed Eustachio
  7238 | D:5      | Reached skill level 1 in Armour
  7306 | D:5      | Reached skill level 10 in Fighting
  7324 | D:5      | Killed Eustachio
  8349 | D:7      | Reached XP level 10. HP: 94/94 MP: 10/10
  8937 | D:7      | Found a staircase to the Ecumenical Temple.
  9134 | D:7      | Found an iron altar of Okawaru.
  9134 | D:7      | Found a glowing golden altar of the Shining One.
  9574 | D:8      | Reached skill level 13 in Unarmed Combat
  9591 | D:8      | Found Sefypiam's Book Boutique.
  9616 | D:8      | Found a white marble altar of Elyvilon.
 10299 | D:8      | Reached skill level 5 in Armour
 10714 | D:8      | Noticed a two-headed ogre
 10724 | D:8      | Killed a two-headed ogre
 10725 | D:8      | Reached skill level 14 in Unarmed Combat
 10937 | D:9      | Noticed an elephant
 10939 | D:9      | Found a staircase to the Lair.
 10951 | D:9      | Killed an elephant
 10952 | D:9      | Reached XP level 11. HP: 89/102 MP: 8/11
 11480 | D:9      | Found a hazy altar of Hepliaklqana.
 12156 | D:10     | Entered Level 10 of the Dungeon
 12509 | D:10     | Noticed a centaur warrior
 12524 | D:10     | Killed a centaur warrior
 12813 | D:10     | Noticed a two-headed ogre
 12822 | D:10     | Killed a two-headed ogre
 13060 | D:10     | Found a staircase to the Orcish Mines.
 13102 | D:10     | Found a portal to a secret trove of treasure.
 13365 | D:10     | Found a hide-covered altar of Uskayaw.
 13366 | D:10     | Noticed a two-headed ogre
 13373 | D:10     | Killed a two-headed ogre
 13374 | D:10     | Reached skill level 15 in Unarmed Combat
 13751 | D:3      | Bought an amulet of reflection for 360 gold pieces
 13872 | Lair:1   | Entered Level 1 of the Lair of Beasts
 13910 | Lair:1   | Noticed lunkers's ghost (journeyman MiCA)
 13912 | Lair:1   | Noticed a minotaur
 14165 | Lair:1   | Noticed a five-headed hydra
 14168 | Lair:1   | Found a runed translucent gate.
 14169 | Lair:1   | Found a runed translucent gate.
 14170 | Lair:1   | Found a runed translucent gate.
 14236 | Lair:1   | Noticed Maggie
 14246 | Lair:1   | Killed Maggie
 14442 | Lair:1   | Found a blossoming altar of Fedhas.
 14603 | Lair:1   | Noticed an oklob plant
 14990 | Lair:2   | Noticed a catoblepas
 15001 | Lair:2   | Killed a catoblepas
 15035 | Lair:2   | Noticed Sonja
 15050 | Lair:2   | Killed Sonja
 15232 | Lair:2   | Reached XP level 12. HP: 113/113 MP: 7/12
 15359 | Lair:2   | Noticed a five-headed hydra
 15364 | Lair:2   | Killed a five-headed hydra
 16350 | Lair:3   | Reached skill level 16 in Unarmed Combat
 17703 | Lair:3   | Reached skill level 10 in Armour
 18064 | Lair:4   | Found a hole to the Spider Nest.
 18078 | Lair:4   | Noticed a four-headed hydra
 18102 | Lair:4   | Killed a four-headed hydra
 18360 | Lair:4   | Found a staircase to the Swamp.
 18591 | Lair:4   | Reached skill level 17 in Unarmed Combat
 19001 | Lair:4   | Noticed Snorg
 19011 | Lair:4   | Killed Snorg
 19432 | Lair:5   | Noticed a four-headed hydra
 19440 | Lair:5   | Killed a four-headed hydra
 19441 | Lair:5   | Reached XP level 13. HP: 117/124 MP: 9/13
 19445 | Lair:5   | Reached skill level 1 in Dodging
 20220 | Lair:5   | Found a staircase to the Slime Pits.
 21216 | Lair:6   | Entered Level 6 of the Lair of Beasts
 21608 | Lair:6   | Reached skill level 18 in Unarmed Combat
 22082 | Lair:6   | Reached skill level 5 in Dodging
 22438 | Lair:6   | Reached XP level 14. HP: 118/133 MP: 14/14
 22569 | Lair:6   | Noticed Kirke
 23189 | Lair:6   | Killed Kirke
 23190 | Lair:6   | Reached skill level 15 in Fighting
 24439 | Lair:6   | Reached skill level 1 in Evocations
 25930 | Lair:6   | Reached skill level 19 in Unarmed Combat
 26182 | Orc:1    | Entered Level 1 of the Orcish Mines
 26233 | Orc:1    | Noticed an orc warlord
 26261 | D:10     | Killed an orc warlord
 26689 | Orc:2    | Entered Level 2 of the Orcish Mines
 26859 | Orc:2    | Found Raepotigh's Jewellery Boutique.
 26906 | Orc:2    | Found Ronikusi's Armour Shoppe.
 26932 | Orc:2    | Found Xosized's Assorted Antiques.
 26946 | Orc:2    | Found Onyublit's Weapon Emporium.
 26958 | Orc:2    | Found Cuofyfup's Distillery.
 27103 | Orc:2    | Found Sajedus's General Store.
 27105 | Orc:2    | Found Cetem's Magic Scroll Shoppe.
 27736 | Orc:2    | Found a staircase to the Elven Halls.
 27893 | Orc:1    | Noticed Gastronok
 27902 | Orc:1    | Killed Gastronok
 29485 | Orc:2    | Found Heored's Specific Store.
 29489 | Orc:2    | Found Binistri's General Store.
 29623 | Orc:2    | Reached XP level 15. HP: 113/143 MP: 15/15
 30521 | Orc:2    | Found Miappadd's Book Shop.
 30521 | Orc:2    | Found Idgheum's Antique Weapon Boutique.
 30522 | Orc:2    | Found a one-way gate leading to the halls of Pandemonium.
 30678 | Orc:2    | Paralysed by an orc sorcerer for 5 turns
 31509 | D:11     | Found a shimmering blue altar of Sif Muna.
 32367 | D:12     | Found Maiwnint's Armour Shoppe.
 33004 | Orc:2    | Bought the +18 shield of the Gong {rElec rN+ Will+ EV-5}
                  | for 1362 gold pieces
 33004 | Orc:2    | Found the +18 shield of the Gong {rElec rN+ Will+ EV-5}
 33137 | Lair:1   | Reached skill level 1 in Shields
 33153 | Lair:1   | Killed lunkers's ghost
 33487 | D:13     | Reached skill level 5 in Shields
 33666 | D:13     | Found a gate leading to a gauntlet.
 33675 | Gauntlet | Entered a Gauntlet
 33675 | Gauntlet | Found a transporter.
 33675 | Gauntlet | Found a transporter.
 33677 | Gauntlet | Found a transporter.
 33677 | Gauntlet | Found a transporter.
 33680 | Gauntlet | Found a transporter.
 33688 | Gauntlet | Found a transporter.
 33689 | Gauntlet | Found a transporter.
 33691 | Gauntlet | Found a transporter.
 33691 | Gauntlet | Found a transporter.
 33700 | Gauntlet | Found a transporter.
 33700 | Gauntlet | Found a transporter.
 33761 | Gauntlet | Found a transporter.
 33922 | Gauntlet | Identified the +0 helmet of Activism {rCorr}
 33944 | Gauntlet | Identified the ring "Luossir" {Fire Int+6 Slay+2 Stlth+}
 35284 | D:14     | Reached skill level 10 in Shields
 35299 | D:14     | Reached XP level 16. HP: 151/151 MP: 16/16
 35756 | D:14     | Found a gate to the Vaults.
 35788 | D:15     | Entered Level 15 of the Dungeon
 36930 | D:15     | Found a shadowy altar of Dithmenos.
 37062 | D:15     | Found a staircase to the Depths.
 37406 | Spider:1 | Entered Level 1 of the Spider Nest
 37728 | Spider:1 | Reached skill level 5 in Evocations
 37959 | Spider:1 | Reached skill level 20 in Unarmed Combat
 38016 | Spider:1 | Noticed Aizul
 38034 | Spider:1 | Killed Aizul
 38876 | Spider:1 | Slain by a tarantella

Illustrated notes

Levels and vault maps discovered:
D:1:      lemuel_arrival_cross, layout_loops_ring,
          hellmonk_ecumenical_altar_arch_garden
D:2:      layout_rooms, basic_altar, minmay_small_reverse_x, uniq_natasha
D:3:      layout_loops_ring, mainiacjoe_overflow_boulevard,
          nicolae_overflow_crystal_walls, serial_shops, nicolae_diamond_shop,
          uniq_ijyb
D:4:      layout_layer_cave, vehumet_statue, minmay_cupped, uniq_blork_the_orc,
          uniq_sigmund
D:5:      minmay_clustersquares, layout_rooms
D:6:      layout_basic, grunt_temple_overflow_open, nicolae_gozag_seed_capital,
          uniq_eustachio
D:7:      layout_loops_corners, gammafunk_temple_overflow_pools,
          minmay_temple_entry_drinking_statues
D:8:      layout_loops_corners, elyvilon_altar_4, serial_shops,
          nicolae_shop_trees
D:9:      layout_basic, nicolae_hepliaklqana_hazy_memory, david_lair_generic,
          chequers_serial_rivers_room_b, minmay_tree_intersection
D:10:     layout_irregular_city, mainiacjoe_overflow_alcove_2, orc_0_dummy,
          nicolae_trove_entry_columns, serial_glass, glass_columns_a,
          glass_columns_a, minmay_ruffians
D:11:     layout_loops_corners, kennysheep_orc_sif_temple
D:12:     layout_basic, serial_shops, nicolae_square_shop,
          hangedman_corner_corridor
D:13:     layout_loops_ring, gauntlet_entry_generic
D:14:     layout_long_grid, ximxim_vaults_locker_room, corexii_hall_statues_u,
          hangedman_cracks_in_the_wall
D:15:     hangedman_depths_entry_try_elsewhere_first, layout_cave_pools,
          grunt_dithmenos_shadows, minivault_16
Lair:1:   dpeg_oklob_gauntlet, layout_regular_city, basic_altar,
          maelrawn_ghost_gauntlet_escape, uniq_maggie
Lair:2:   layout_roguey, uniq_sonja
Lair:3:   layout_concentric_octagons
Lair:4:   layout_regular_city, minmay_swamp_entry_reptiles,
          spider_nest_entry_rubble, kennysheep_basilisk_garden,
          lemuel_fruit_tree, grunt_megastairs_5, uniq_snorg
Lair:5:   layout_big_grid, minmay_slime_entry_oklob_open,
          gammafunk_lair_bear_cave, serial_bayou_shore_a
Lair:6:   due_jungle_book, layout_regular_city, uniq_kirke
Spider:1: layout_spider_delve, uniq_aizul
Spider:2: layout_chambers, uniq_arachne
Orc:1:    layout_diamond_mine, nicolae_orc_rockfall, uniq_gastronok
Orc:2:    pf_orc_diabolical, layout_diamond_mine, serial_shops,
          nicolae_shop_waterfront, nicolae_shop_stone,
          nicolae_shop_competitors_out_of_business, shop,
          nicolae_shop_statue_plus, nicolae_specific_store,
          nicolae_orc_sculptors_studio, mines4_lemuel

Skill      XL: |  1  2  3  4  5  6  7  8  9 10 11 12 13 14 15 16 |
---------------+-------------------------------------------------+-----
Fighting       | 4 5 6 7 9 10 11 12 14 15 16 | 16.3
Unarmed Combat | 4 5 6 7 9 11 12 14 15 17 18 19 20 | 20.0
Armour         | 3 6 8 10 12 13 | 13.9
Dodging        | 5 7 8 |  8.3
Evocations     | 3 4 5 |  5.5
Shields        | 10 13 | 13.4
Spellcasting   | |  1.0
Fire Magic     | |  0.6

Action                   |  1- 3 |  4- 6 |  7- 9 | 10-12 | 13-15 | 16-18 || total
-------------------------+-------+-------+-------+-------+-------+-------++-------
Melee: Unarmed           |    47 |   110 |   161 |   445 |  1119 |   382 ||  2264
       Headbutt          |     3 |    12 |    27 |    85 |   237 |   100 ||   464
       Punch             |       |       |     6 |    22 |    93 |       ||   121
 Cast: Foxfire           |    11 |    61 |    60 |   146 |    45 |       ||   323
Evoke: Wand              |       |       |     5 |       |       |       ||     5
  Use: Scroll            |       |     4 |       |    18 |     4 |     4 ||    30
       Potion            |       |       |       |       |       |     1 ||     1
 Stab: Petrified         |       |       |       |       |     7 |     4 ||    11
Armor: Robe              |     4 |     2 |       |       |       |       ||     6
       Leather armour    |       |    21 |    31 |    90 |       |       ||   142
       Acid dragon scale |       |       |       |    38 |       |       ||    38
       Skin              |       |       |       |     4 |       |       ||     4
       Scale mail        |       |       |       |    25 |   354 |    40 ||   419
       Plate armour      |       |       |       |       |       |   173 ||   173
Dodge: Dodged            |    36 |    71 |    88 |   134 |   323 |    46 ||   698
Block: Other             |       |       |       |    30 |   150 |       ||   180
       Reflection        |       |       |       |       |    10 |    26 ||    36
       Kite shield       |       |       |       |       |   223 |   569 ||   792

Table legend: (Time is in decaauts)
 A = Elapsed time spent in this place.
 B = Non-inter-level travel time spent in this place.
 C = Inter-level travel time spent in this place.
 D = Time resting spent in this place.
 E = Time spent auto-exploring this place.
 F = Levels seen in this place.
 G = Mean time per level.
                   A        B        C        D        E       F      G
               +--------+--------+--------+--------+--------+-----+--------+
         Total |  38328 |  36383 |   1945 |   5846 |  25278 |  26 | 1474.2 |
       Dungeon |  19709 |  18599 |   1110 |   2133 |  14055 |  15 | 1313.9 |
          Lair |  12626 |  12127 |    499 |   2246 |   8359 |   6 | 2104.3 |
   Spider Nest |   1167 |   1145 |     22 |    141 |    781 |   2 |  583.5 |
  Orcish Mines |   4471 |   4159 |    312 |   1326 |   2030 |   2 | 2235.5 |
      Gauntlet |    353 |    353 |      0 |      0 |     52 |   1 |  353.0 |
               +--------+--------+--------+--------+--------+-----+--------+

Top non-repeatable levels by time:
  Lair:6: 3567 daAuts
   Orc:2: 3131 daAuts
  Lair:5: 2782 daAuts
    D:14: 2063 daAuts
  Lair:4: 1860 daAuts
     D:4: 1822 daAuts
    D:10: 1821 daAuts
  Lair:3: 1699 daAuts
     D:1: 1574 daAuts
     D:5: 1564 daAuts
  Lair:2: 1493 daAuts
     D:8: 1453 daAuts
   Orc:1: 1339 daAuts
     D:7: 1334 daAuts
     D:2: 1328 daAuts
